 Dungeon Crawl Stone Soup version 0.23.0-3-gf3c87f2df8 (webtiles) character file.

Game seed: 16578362575242310699

98 DildoBatman the Conjurer (level 4, -1/27 HPs)
             Began as an Octopode Wizard on Feb 22, 2019.
             Slain by a gnoll
             ... wielding a +0 club
              (6 damage)
             ... on level 3 of the Dungeon.
             The game lasted 00:06:36 (1666 turns).

DildoBatman the Conjurer (Octopode Wizard)          Turns: 1666, Time: 00:06:36

Health: -1/27      AC:  1    Str:  6    XL:     4   Next: 69%
Magic:  7/8        EV: 17    Int: 21    God:
Gold:   114        SH:  0    Dex: 10    Spells: 2/9 levels left

rFire    . . .     SeeInvis .   e - +0 short sword
rCold    . . .     Gourm    .   (no shield)
rNeg     . . .     Faith    .   a - +0 hat
rPois    .         Spirit   .   (no amulet)
rElec    .         Reflect  .   b - +4 ring of evasion
rCorr    .         Harm     .   (no ring)
MR       .....                  (no ring)
Stlth    +++.......             (no ring)
HPRegen  0.09/turn              (no ring)
MPRegen  0.11/turn              (no ring)
                                (no ring)
                                (no ring)

@: no status effects
A: almost no armour, stealthy swim, amphibious, 8 rings, constrict 8, camouflage
1, gelatinous body 1
a: no special abilities


You were on level 3 of the Dungeon.
You were hungry.

You visited 1 branch of the dungeon, and saw 3 of its levels.

You collected 114 gold pieces.

Inventory:

Hand Weapons
 e - a +0 short sword (weapon)
 g - a +4 dagger
 o - a +0 quarterstaff
Missiles
 d - 47 stones (quivered)
 n - 7 tomahawks of returning
Armour
 a - a +0 hat (worn)
Jewellery
 b - a +4 ring of evasion (left tentacle)
Wands
 r - a wand of flame (8)
Scrolls
 c - a scroll of magic mapping {unknown}
 f - 2 scrolls of enchant armour {unknown}
 i - 2 scrolls of remove curse {unknown}
 l - 3 scrolls of identify {unknown}
 m - a scroll of immolation {unknown}
Potions
 h - a potion of curing {unknown}
 k - 2 potions of haste {unknown}
 p - a potion of ambrosia {unknown}
 q - a potion of might {unknown}
Comestibles
 v - 2 rations


   Skills:
 - Level 2.0 Dodging
 * Level 3.0 Stealth
 - Level 3.0 Spellcasting
 - Level 4.0 Conjurations
   Level 1.0 Summonings
   Level 1.0 Translocations
 * Level 0.4 Fire Magic
 * Level 0.4 Air Magic
 * Level 0.7 Poison Magic


You had 2 spell levels left.
You knew the following spells:

 Your Spells              Type           Power        Failure   Level  Hunger
a - Conjure Flame         Conj/Fire      ##......     16%         3    ###....
c - Magic Dart            Conj           ###.         2%          1    None
e - Mephitic Cloud        Conj/Pois/Air  ##......     21%         3    ###....

Your spell library contained the following spells:

 Spells                   Type           Power        Failure   Level  Hunger
 Blink                    Tloc           N/A          13%         2    ##.....
 Call Imp                 Summ           #.......     13%         2    ##.....
 Slow                     Hex            #.......     21%         2    ##.....


Dungeon Overview and Level Annotations

Branches:
Dungeon (3/15)

Altars:
Dithmenos
Elyvilon
Sif Muna


Innate Abilities, Weirdness & Mutations

You cannot wear most types of armour.
You are very stealthy in the water. (Stealth+)
You are amphibious.
You can wear up to eight rings at the same time.
You can use your tentacles to constrict eight enemies at once.
Your skin changes colour to match your surroundings (Stealth+).
Your rubbery body absorbs attacks. (AC +1, EV +1)


Message History

You hit the gnoll but do no damage. You grab the gnoll.
The gnoll is moderately wounded.
You constrict the gnoll.
The gnoll struggles to escape constriction.
You hit the gnoll but do no damage.
The gnoll is moderately wounded.
You constrict the gnoll. The gnoll hits you with a +0 club!
You barely miss the gnoll. You squeeze the gnoll.
The gnoll is severely wounded.
You constrict the gnoll, but do no damage.
The gnoll escapes!
You hit the gnoll but do no damage. You grab the gnoll.
The gnoll is severely wounded.
You constrict the gnoll. The gnoll hits you with a +0 club.
You die...

#)g.. ###..g. #..g
...# ### #.. #.g ...
... ####.#### #.##
###.# #.......# #...#
#...# #.#####..
#..###.##### #.# ###
#....@g...####.# #
##))#####...#..######
##.## ###.........##
####..#
#.....#####...
#....## #....[# ####
#......### #<....#
#...... #...........#
#...... ..#####.....#
#...... #.....#


You could see a gnoll (confused).

Vanquished Creatures
  2 gnolls (D:3)
  3 adders (D:2)
  2 dart slugs
  A leopard gecko (D:1)
  An orc (D:3)
  6 giant cockroaches
  5 goblins
  8 hobgoblins
  2 jackals (D:2)
  A quokka (D:3)
  7 bats
  2 frilled lizards
  4 kobolds
  4 rats
48 creatures vanquished.

Notes
Turn   | Place    | Note
-------+----------+-------------------------------------------
     0 | D:1      | DildoBatman the Octopode Wizard began the quest for the
                  | Orb.
     0 | D:1      | Reached XP level 1. HP: 11/11 MP: 4/4
   162 | D:1      | Reached skill level 2 in Conjurations
   162 | D:1      | Reached XP level 2. HP: 17/17 MP: 0/6
   772 | D:2      | Reached XP level 3. HP: 21/21 MP: 7/7
   779 | D:2      | Learned a level 3 spell: Conjure Flame
   783 | D:2      | Learned a level 3 spell: Mephitic Cloud
   792 | D:2      | Reached skill level 3 in Conjurations
   849 | D:2      | Found a shadowy altar of Dithmenos.
  1045 | D:2      | Reached XP level 4. HP: 24/27 MP: 3/8
  1057 | D:2      | Found a faded altar of an unknown god.
  1155 | D:2      | Found a deep blue altar of Sif Muna.
  1279 | D:3      | Reached skill level 4 in Conjurations
  1318 | D:3      | Found a white marble altar of Elyvilon.
  1432 | D:3      | Noticed an ogre
  1666 | D:3      | Slain by a gnoll

Skill      XL: |  1  2  3  4 |
---------------+-------------+-----
Conjurations   | 2 3 4 |  4.0
Stealth        | 3 |  3.0
Dodging        | |  2.0
Spellcasting   | |  3.0
Summonings     | |  1.0
Translocations | |  1.0
Fire Magic     | |  0.4
Air Magic      | |  0.4
Poison Magic   | |  0.7

Action                   |  1- 3 |  4- 6 || total
-------------------------+-------+-------++-------
Melee: Tentacles         |     2 |     6 ||     8
       Unarmed           |     1 |       ||     1
       Short sword       |    23 |    25 ||    48
       Constrict         |     6 |     8 ||    14
Throw: Stone             |       |     7 ||     7
 Cast: Magic Dart        |    75 |    16 ||    91
       Conjure Flame     |       |     3 ||     3
       Mephitic Cloud    |       |     1 ||     1
 Stab: Sleeping          |     1 |     1 ||     2
  Eat: Chunk             |       |     2 ||     2
Armor: Skin              |     2 |       ||     2
Dodge: Dodged            |    31 |    18 ||    49
